 Dungeon Crawl Stone Soup version 0.28.0-45-g0d030f2227 (webtiles) character file.

Game seed: 2976058478351448778

65 pkoi the Conjurer (level 3, -2/26 HPs)
             Began as a Demigod Conjurer on Apr 13, 2022.
             Slain by an iguana (9 damage)
             ... on level 4 of the Dungeon.
             The game lasted 00:02:36 (3303 turns).

pkoi the Conjurer (Demigod Conjurer)                Turns: 3303, Time: 00:02:37

Health: -2/26      AC:  5    Str:  8    XL:     3   Next: 66%
Magic:  1/8        EV: 11    Int: 22    God:
Gold:   234        SH:  0    Dex: 12    Spells: 3/6 levels left

rFire   . . .      SeeInvis .   g - +0 whip (elec)
rCold   . . .      Faith    .   (no shield)
rNeg    . . .      Spirit   .   f - +2 leather armour {rPois}
rPois   +          Reflect  .   (no helmet)
rElec   .          Harm     .   (no cloak)
rCorr   .          Rampage  .   (no gloves)
Will    .....                   (no boots)
Stlth   ++........              (no amulet)
HPRegen 0.08/turn               (no ring)
MPRegen 0.11/turn               (no ring)

@: no status effects
A: high MP 1, forlorn, divine attributes, dopey 1
a: no special abilities


You were on level 4 of the Dungeon.
You visited 1 branch of the dungeon, and saw 4 of its levels.

You collected 234 gold pieces.

Inventory:

Hand Weapons
 e - a +0 short sword of protection
 g - a +0 whip of electrocution (weapon)
 l - a +0 dagger of flaming
Armour
 a - a +0 robe
 f - a +2 leather armour of poison resistance (worn)
Magical Staves
 h - a staff of cold
Scrolls
 b - 2 scrolls of identify
 c - 2 scrolls of teleportation
 d - 2 scrolls of brand weapon
 j - a scroll of holy word {unknown}
Potions
 i - a potion of might {unknown}
 k - a potion of lignification


   Skills:
 + Level 1.0 Armour
 - Level 1.7 Dodging
 - Level 1.7 Stealth
 + Level 2.1 Spellcasting
 * Level 4.6 Conjurations


You had 3 spell levels left.
You knew the following spells:

 Your Spells              Type           Power      Damage    Failure   Level
a - Magic Dart            Conj           88%        1d7       2%          1
b - Searing Ray           Conj           44%        2d6       4%          2

Your spell library contained the following spells:

 Spells                   Type           Power      Damage    Failure   Level
 Dazzling Flash           Conj/Hex       24%        N/A       22%         3
 Fulminant Prism          Conj/Hex       6%         3d7       58%         4
 Iskenderun's Mystic Bla  Conj/Tloc      12%        2d5       58%         4


Dungeon Overview and Level Annotations

Branches:
Dungeon (4/15)
 Temple: D:4-7


Innate Abilities, Weirdness & Mutations

You have an increased reservoir of magic. (+10% MP)
You shall have no god before yourself.
Your divine heritage dramatically boosts your attributes as you level up.
You are dopey. (Int -2)


Message History

Casting: Magic Dart (safe; 2% risk of failure)
Confirm with . or Enter, or press ? or * to list all spells.
Okay, then.
Unknown command.
Okay, then.
(D) Dungeon
Where to? (Enter - D:3, ? - help)
There is a stone staircase leading down here.
You climb downwards.
There is a stone staircase leading up here.
Unknown command.
An iguana comes into view.
An iguana is nearby!
The magic dart hits the iguana but does no damage.
The iguana hisses angrily.
The magic dart hits the iguana.
The iguana is lightly wounded.
The magic dart hits the iguana.
The iguana is lightly wounded.
The magic dart hits the iguana but does no damage.
The iguana is lightly wounded.
The magic dart hits the iguana!
The iguana is severely wounded.
The magic dart hits the iguana but does no damage.
The iguana is severely wounded.
The magic dart hits the iguana but does no damage.
The iguana is severely wounded.
The iguana bites you!
* * * LOW HITPOINT WARNING * * *
Aiming: Magic Dart (safe; 2% risk of failure)
Press: ? - help, Q - select action, (/) - cycle Shift-Dir - straight line, f/p - iguana
Aim: an iguana (severely wounded, 100% to hit)
The magic dart hits the iguana.
The iguana is almost dead.
The iguana bites you!
* * * LOW HITPOINT WARNING * * *
You barely miss the iguana. Your punch misses the iguana.
The iguana is almost dead.
The iguana bites you!
You die...

#.##.##........
#.#..#.........
......$.......
#............
##.........
#........#
#...l..# ..
#@..##.... #
#......#
#..###.#...#
#....<.# ...#
....#.#....##..
. # ##...# .
....# ...##
....#


You could see an iguana.

Vanquished Creatures
  An adder (D:2)
  2 worms
  3 dart slugs (D:1)
  5 ball pythons
  3 endoplasms
  3 giant cockroaches
  5 goblins
  2 hobgoblins (D:1)
  2 quokkas
  5 bats
  5 frilled lizards
  7 kobolds
  2 rats
45 creatures vanquished.

Notes
Turn   | Place    | Note
-------+----------+-------------------------------------------
     0 | D:1      | pkoi the Demigod Conjurer began the quest for the Orb.
     0 | D:1      | Reached XP level 1. HP: 14/14 MP: 5/5
   301 | D:1      | Reached skill level 4 in Conjurations
   528 | D:1      | Reached XP level 2. HP: 11/20 MP: 4/7
  1619 | D:2      | Reached XP level 3. HP: 26/26 MP: 2/8
  1984 | D:2      | Learned a level 2 spell: Searing Ray
  2641 | D:3      | Gained mutation: You are dopey. (Int -2) [potion of
                  | mutation]
  2730 | D:3      | Reached skill level 1 in Armour
  3303 | D:4      | Slain by an iguana

Illustrated notes

Levels and vault maps discovered:
D:1:      wheals_arrival_linesprint, layout_rooms
D:2:      layout_basic, kennysheep_generic_room_4
D:3:      layout_loops_ring
D:4:      layout_cave_pools, minmay_parallelograms

Skill      XL: |  1  2  3 |
---------------+----------+-----
Conjurations   | 4 |  4.6
Spellcasting   | 2 |  2.1
Armour         | 1 |  1.0
Dodging        | |  1.7
Stealth        | |  1.7

Action                   || total
-------------------------++-------
Melee: Unarmed           ||     2
       Short sword       ||     1
       Whip              ||     1
 Cast: Magic Dart        ||   107
  Use: Scroll            ||     5
       Potion            ||     1
Armor: Robe              ||    10
Dodge: Dodged            ||    25
